AoeStats
← TheQuietRiot

Arabia

503491692Analyzed
1v1 RM · 1mo ago on Aug 31, 2026· 35m 49s· 2 players
Game mode
Random Map
Map size
Tiny (2 player)
Population
200
Speed
Normal
Resources
Standard
Victory
Conquest
Starting age
Dark Age
Ending age
Imperial Age
RankedLock teamsTeams togetherTeam positionsShared explorationLock speedFull tech treeHidden civsTurbo modeCheats
Victory
Defeat
🇨🇱 Japanese · Chile
912
+17
🇬🇧 Britons · United Kingdom
931
-17
IBloodRiotI
5:05 Loom
10:56 Feudal Age
11:00 Man-at-Arms
12:53 Double-Bit Axe
14:04 Town Watch
17:15 Forging
23:28 Castle Age
21:57 Fletching
23:24 Arson
23:53 Elite Skirmisher
25:13 Bodkin Arrow
27:17 Bow Saw
30:13 Ballistics
33:48 Pikeman
TheQuietRiot
9:46 Feudal Age
9:07 Loom
14:06 Double-Bit Axe
14:59 Gold Mining
15:06 Fletching
15:50 Horse Collar
21:25 Wheelbarrow
23:15 Castle Age
21:51 Stone Mining
24:19 Crossbowman
25:16 Bow Saw
24:32 Light Cavalry
28:13 Wheelbarrow
28:01 Town Watch
29:36 Bodkin Arrow
Connection lost

Rejoining the realm…

Still unreachable

The connection could not be restored.

Session expired

The server has moved on; the page needs a fresh start.